AoeStats
← tmonteiro

Oasis

508506337Analyzed
2v2 RM · 9d ago on Sep 22, 2026· 56m 32s· 4 players
Game mode
Random Map
Map size
Medium (4 player)
Population
200
Speed
Normal
Resources
Standard
Victory
Conquest
Starting age
Dark Age
Ending age
Imperial Age
RankedLock teamsTeams togetherTeam positionsShared explorationLock speedFull tech treeHidden civsTurbo modeCheats
Victory
Defeat
🇵🇹 Slavs · Portugal
1318
+16
🇵🇹 Goths · Portugal
1195
+27
🇩🇪 Saracens · Germany
1311
-18
🇩🇪 Hindustanis · Germany
1292
-18
KardeiRa !
5:58 Loom
8:46 Feudal Age
9:24 Double-Bit Axe
19:24 Castle Age
19:54 Scale Mail Armor
20:19 Bow Saw
20:21 Forging
19:56 Horse Collar
20:52 Chain Mail Armor
20:03 Man-at-Arms
21:09 Gold Mining
20:50 Long Swordsman
23:36 Squires
34:40 Wheelbarrow
35:12 Iron Casting
41:39 Imperial Age
39:59 Hand Cart
40:23 Heavy Plow
41:05 Ballistics
40:40 Town Watch
40:55 Stone Mining
41:48 Two-Handed Swordsman
43:28 Capped Ram
45:25 Plate Mail Armor
49:36 Scale Barding Armor
48:56 Light Cavalry
50:21 Bloodlines
50:25 Husbandry
50:30 Hussar
51:45 Chain Barding Armor
53:15 Blast Furnace
53:24 Conscription
53:16 Siege Ram
56:50 Plate Barding Armor
tmonteiro
7:30 Loom
9:49 Feudal Age
10:20 Double-Bit Axe
10:39 Horse Collar
12:54 Man-at-Arms
19:09 Castle Age
19:13 Fletching
26:06 Bow Saw
26:17 Scale Barding Armor
28:24 Chain Barding Armor
29:59 Forging
29:45 Bodkin Arrow
32:16 Wheelbarrow
31:48 Town Watch
35:21 Imperial Age
32:40 Town Watch
33:24 Masonry
34:10 Squires
34:30 Hand Cart
36:15 Iron Casting
35:55 Husbandry
36:05 Bloodlines
37:30 Chemistry
36:22 Treadmill Crane
37:10 Murder Holes
37:42 Gold Mining
37:44 Stone Mining
38:28 Architecture
37:23 Cavalier
39:08 Blast Furnace
38:16 Heavy Plow
39:31 Two-Man Saw
39:21 Bracer
40:07 Conscription
41:01 Town Patrol
41:17 Perfusion
41:45 Ballistics
43:21 Crop Rotation
42:57 Scale Mail Armor
43:33 Elite Huskarl
44:20 Anarchy
48:02 Chain Mail Armor
51:17 Caravan
56:13 Padded Archer Armor
MaxPower01
6:28 Loom
9:06 Feudal Age
10:23 Double-Bit Axe
10:31 Horse Collar
17:48 Forging
23:47 Castle Age
23:19 Bloodlines
23:05 Gold Mining
23:32 Scale Barding Armor
24:57 Chain Barding Armor
28:56 Fletching
29:46 Bodkin Arrow
30:59 Heavy Plow
32:19 Wheelbarrow
33:04 Bow Saw
37:21 Hand Cart
40:10 Scale Mail Armor
40:46 Iron Casting
41:26 Chain Mail Armor
46:58 Imperial Age
49:59 Imperial Age
50:07 Town Watch
51:43 Chemistry
52:23 Elite Skirmisher
53:00 Heavy Camel Rider
53:44 Padded Archer Armor
53:28 Light Cavalry
54:09 Husbandry
wbch
7:09 Loom
9:26 Feudal Age
9:59 Double-Bit Axe
11:43 Fletching
23:24 Castle Age
23:34 Crossbowman
24:57 Bodkin Arrow
25:43 Bow Saw
28:32 Wheelbarrow
27:40 Horse Collar
28:59 Ballistics
29:10 Town Watch
30:48 Thumb Ring
35:03 Imperial Age
34:07 Hand Cart
35:24 Padded Archer Armor
35:56 Bracer
37:00 Chemistry
37:18 Two-Man Saw
36:58 Bloodlines
37:28 Light Cavalry
38:10 Husbandry
38:57 Masonry
39:17 Heavy Plow
39:41 Leather Archer Armor
39:27 Gold Mining
40:14 Conscription
40:36 Scale Barding Armor
40:58 Forging
40:51 Arbalester
44:31 Chain Barding Armor
46:41 Hoardings
46:33 Hand Cart
50:53 Fortified Wall
Connection lost

Rejoining the realm…

Still unreachable

The connection could not be restored.

Session expired

The server has moved on; the page needs a fresh start.